 Seeded DCSS version 0.29.1-2-gbd0b4ee654 (webtiles) character file.

Game seed: 1 (custom seed)

635 Kazon the Fighter (level 7, -3/120 HPs)
             Began as an Ogre Berserker on Nov 25, 2022.
             Was a Priest of Trog.
             Slain by a river rat (7 damage)
             ... summoned by Eustachio
             ... on level 5 of the Dungeon.
             The game lasted 00:15:15 (3655 turns).

Kazon the Fighter (Ogre Berserker)                  Turns: 3655, Time: 00:15:17

Health: -3/120     AC: 23    Str: 22      XL:     7   Next: 50%
Magic:  0/7        EV:  1    Int:  8      God:    Trog [***...]
Gold:   140        SH:  0    Dex:  9 (10) Spells: 6/6 levels left

rFire   . . .      SeeInvis .   s - +3 falchion of Winter {venom, rCorr}
rCold   . . .      Faith    .   (no shield)
rNeg    + . .      Spirit   .   (body armour currently unavailable)
rPois   +          Reflect  .   (helmet currently unavailable)
rElec   .          Harm     .   (cloak currently unavailable)
rCorr   +          Rampage  .   (gloves unavailable)
Will    ++...      NoTele   +   (boots unavailable)
Stlth   ++........              d - amulet of the acrobat
HPRegen 1.30/turn               w - ring of positive energy
MPRegen 0.10/turn               (no ring)

@: tree-form, strong-willed, on berserk cooldown, regenerating, slowed, very
slow
A: stationary, stasis, torment immunity, boosted hp, large, unfitting armour,
(tough skin 1)
a: Renounce Religion, Berserk, Trog's Hand


You were on level 5 of the Dungeon.
You worshipped Trog.
Trog was most pleased with you.
You were a tree.
You visited 1 branch of the dungeon, and saw 5 of its levels.

You collected 324 gold pieces.
You spent 184 gold pieces at shops.

Inventory:

Hand Weapons
 e - a +2 dagger of venom
 r - a +1 long sword of protection
 s - the +3 falchion of Winter (weapon) {venom, rCorr}
   (You bought it in a shop on level 3 of the Dungeon)

   It poisons the flesh of those it strikes.
   rCorr:     It protects you from acid and corrosion.
Missiles
 h - 13 stones (quivered)
 m - a throwing net
 n - 5 boomerangs
Armour
 b - a +0 animal skin (melded)
 c - the +1 hat of the Vaults (melded) {rElec rC+ rCorr MP-9}
   (You acquired it on level 1 of the Dungeon)

   rC:        It protects you from cold.
   rElec:     It insulates you from electricity.
   MP:        It affects your magic capacity (-9).
   rCorr:     It protects you from acid and corrosion.
Jewellery
 d - an amulet of the acrobat (around neck)
 w - a ring of positive energy (left branch)
Wands
 x - a wand of mindburst (19)
Scrolls
 i - 9 scrolls of identify {unknown}
 k - a scroll of immolation {unknown}
 o - a scroll of fog {unknown}
 p - a scroll of poison {unknown}
 q - a scroll of noise {unknown}
 u - a scroll of teleportation {unknown}
 v - a scroll of magic mapping {unknown}
Potions
 f - a potion of flight {unknown}
 g - a potion of attraction {unknown}
 j - 2 potions of berserk rage {unknown}
 l - 2 potions of haste {unknown}


   Skills:
 + Level 8.0 Fighting
 + Level 4.0(5.6) Short Blades
 + Level 5.9(6.5) Long Blades
 + Level 4.5 Throwing
 + Level 3.4 Armour
 + Level 5.7 Dodging
 + Level 3.8 Stealth


You had 6 spell levels left.
You didn't know any spells.
Your spell library was empty.

Dungeon Overview and Level Annotations

Branches:
Dungeon (5/15)
 Temple: D:4-7

Altars:
Hepliaklqana

Shops:
D:3 (

Annotations:
D:5 Eustachio


Innate Abilities, Weirdness & Mutations

You are a tree.
Your roots penetrate the ground, keeping you stationary.
You cannot be teleported.
You are immune to unholy pain and torment.
Your maximum health is greatly increased.
Your equipment is partially melded.
You are too large for most types of armour.
((You have tough skin. (AC +1)))


Message History

The quasit closely misses you.
The quasit claws you but does no damage.
The quasit completely misses you. Eustachio barely misses you.
The iguana bites you.
* * * LOW HITPOINT WARNING * * *
The quasit bites you.
* * * LOW HITPOINT WARNING * * *
The quasit claws you.
* * * LOW HITPOINT WARNING * * *
The quasit barely misses you. The river rat completely misses you.
Eustachio barely misses you.
You hit Eustachio but do no damage.
Eustachio looks even sicker.
Eustachio is heavily wounded.
The quasit closely misses you. x2
The quasit claws you but does no damage.
The iguana closely misses you.
Eustachio casts a spell.
The river rat misses you. The quasit barely misses you.
The quasit claws you but does no damage.
The quasit barely misses you. The iguana bites you!
* * * LOW HITPOINT WARNING * * *
Unknown command.
You barely miss the iguana.
Eustachio casts a spell.
Eustachio blinks!
The quasit bites you but does no damage.
The quasit closely misses you.
The quasit claws you but does no damage.
The river rat bites you!
* * * LOW HITPOINT WARNING * * *
The iguana closely misses you. The quasit barely misses you.
The quasit claws you but does no damage.
The quasit completely misses you. The river rat closely misses you.
It was a potion of lignification.
You turn into a tree.
The +1 hat of the Vaults {rElec rC+ rCorr MP-9} melds into your body.
Your +0 animal skin melds into your body.
You feel your magic capacity increase.
Your roots penetrate the ground.
The quasit disappears in a puff of smoke!
The river rat bites you!
You die...

..... #..# #.
#....#..#
#..#...#...#
#........#
#.....#
####.)## ##@5#
#.l## ##r♣#
#rr## ##5.##
#b..#### #
##......# ..##
#..###....
.....#### ##..#
##..
........###..##
. #....<....##


You could see Eustachio (very poisoned), an iguana, a crimson imp (summoned), 3
river rats, a white imp (summoned) and a bat (summoned).

Vanquished Creatures
  3 scorpions (D:4)
  A hound (D:4)
  An orc priest (D:3)
  An iguana (D:4)
  Robin (D:3)
  6 gnolls
  6 adders
  An ufetubus (D:5)
  3 worms
  5 orcs
  11 endoplasms
  A giant cockroach (D:1)
  16 goblins
  9 hobgoblins
  A jackal (D:4)
  4 kobolds
  A quokka (D:1)
  5 ball pythons
  4 bats
  3 frilled lizards
  6 rats
89 creatures vanquished.

Notes
Turn   | Place    | Note
-------+----------+-------------------------------------------
     0 | D:1      | Kazon the Ogre Berserker began the quest for the Orb.
     0 | D:1      | Reached XP level 1. HP: 24/24 MP: 1/1
    34 | D:1      | Identified a scroll of acquirement
    34 | D:1      | Acquired the +1 hat of the Vaults {rElec rC+ rCorr MP-9}
   133 | D:1      | Reached XP level 2. HP: 30/32 MP: 0/2
   737 | D:2      | Reached XP level 3. HP: 30/40 MP: 0/3
  1308 | D:2      | Reached ** piety under Trog
  1309 | D:2      | Reached XP level 4. HP: 31/49 MP: 0/4
  1732 | D:3      | Found Umat's Antique Weapon Boutique.
  1763 | D:3      | Bought a crude falchion for 184 gold pieces
  1763 | D:3      | Identified the +3 falchion of Winter {venom, rCorr} (You
                  | bought it in a shop on level 3 of the Dungeon)
  1949 | D:3      | Reached XP level 5. HP: 41/55 MP: 0/5
  2162 | D:3      | Noticed Robin
  2172 | D:3      | Killed Robin
  2336 | D:3      | Reached skill level 7 in Fighting
  2336 | D:3      | Reached skill level 5 in Long Blades
  2336 | D:3      | Reached skill level 5 in Dodging
  2336 | D:3      | Reached XP level 6. HP: 72/72 MP: 0/6
  2899 | D:4      | Reached XP level 7. HP: 77/79 MP: 0/7
  2964 | D:4      | Found a hazy altar of Hepliaklqana.
  3168 | D:4      | Reached skill level 8 in Fighting
  3242 | D:4      | Reached *** piety under Trog
  3611 | D:5      | Entered Level 5 of the Dungeon
  3631 | D:5      | Noticed Eustachio
  3654 | D:5      | HP: 1/80 [river rat[Eustachio] (8)]
  3655 | D:5      | Slain by a river rat

Illustrated notes

Levels and vault maps discovered:
D:1:      dpeg_arrival_three_smaller_balls, layout_basic
D:2:      layout_loops_ring
D:3:      layout_basic, serial_shops, nicolae_shop_stone, st_stairs_9,
          minmay_misc_feat_doors, eino_curves_03, uniq_robin
D:4:      minmay_wonky_spiral, layout_basic,
          mainiacjoe_overflow_surrounded_room, minivault_5
D:5:      layout_cave_pods, uniq_menkaure, uniq_eustachio

Skill      XL: |  1  2  3  4  5  6  7 |
---------------+----------------------+-----
Dodging        | 3 5 |  5.7
Long Blades    | 3 5 |  5.9
Fighting       | 7 8 |  8.0
Short Blades   | 4 |  4.0
Throwing       | 4 |  4.5
Armour         | 3 |  3.4
Stealth        | 3 |  3.8

Action                   |  1- 3 |  4- 6 |  7- 9 || total
-------------------------+-------+-------+-------++-------
Melee: Falchion          |   114 |    65 |    18 ||   197
       Dagger            |    13 |    32 |    24 ||    69
       Punch             |     1 |       |     3 ||     4
Throw: Stone             |       |    14 |    14 ||    28
Invok: Berserk           |       |       |     1 ||     1
       Trog's Hand       |       |       |     1 ||     1
Evoke: Wand              |       |       |     1 ||     1
  Use: Scroll            |     1 |       |       ||     1
       Potion            |       |     1 |     2 ||     3
 Stab: Sleeping          |       |     3 |     3 ||     6
Armor: Animal skin       |    45 |    18 |    24 ||    87
Dodge: Dodged            |    80 |    55 |    79 ||   214
